 Dungeon Crawl Stone Soup version 0.18-a0-1718-g40ea4b6 (webtiles) character file.

1955 dohliylev the Blocker (level 8, -12/71 HPs)
             Began as a Minotaur Fighter on Apr 8, 2016.
             Was an Initiate of Elyvilon.
             Mangled by an orc warrior
             ... wielding a +0 broad axe
              (16 damage)
             ... on level 9 of the Dungeon.
             The game lasted 00:18:27 (5203 turns).

dohliylev the Blocker (Minotaur Fighter)            Turns: 5203, Time: 00:18:29

Health: -12/71     AC: 14    Str: 22    XL:     8   Next: 99%
Magic:  7/7        EV:  7    Int:  5    God:    Elyvilon [......]
Gold:   283        SH: 14    Dex: 11    Spells: 0 memorised, 7 levels left

rFire  + . .     SeeInvis .     a - +0 war axe
rCold  . . .     Gourm    .     w - +0 plate armour
rNeg   . . .     Faith    .     c - +0 shield
rPois  .         Spirit   .     (helmet restricted)
rElec  .         Dismiss  .     l - +0 cloak
rCorr  .         Reflect  +     (no gloves)
SustAt .         Harm     .     (no boots)
MR     .....                    t - +3 amulet of reflection
Stlth  ..........               s - ring of protection from fire
                                j - ring of stealth (curse)

@: not resistant to hostile enchantments, extremely unstealthy
A: retaliatory headbutt, horns 2
a: Renounce Religion


You were on level 9 of the Dungeon.
You worshipped Elyvilon.
Elyvilon was noncommittal.
You were hungry.

You visited 2 branches of the dungeon, and saw 8 of its levels.

You collected 283 gold pieces.

Inventory:

Hand Weapons
 a - a +0 war axe (weapon)
 D - a +0 flail of protection
Missiles
 x - 16 tomahawks (quivered)
 A - 2 tomahawks of dispersal
Armour
 c - a +0 shield (worn)
 l - a +0 cloak (worn)
 w - a +0 plate armour (worn)
 E - a +2 ring mail of cold resistance
Jewellery
 j - a cursed ring of stealth (left hand)
 s - a ring of protection from fire (right hand)
 t - a +3 amulet of reflection (around neck)
Scrolls
 e - 2 scrolls of enchant weapon {unknown}
 g - 4 scrolls of blinking {unknown}
 h - a scroll of immolation {unknown}
 i - 7 scrolls of identify {unknown}
 k - 3 scrolls of remove curse {unknown}
 n - 3 scrolls of teleportation {unknown}
 r - a scroll of fear {unknown}
 v - a scroll of magic mapping {unknown}
 y - a scroll of amnesia {unknown}
 z - a scroll of recharging {unknown}
Potions
 b - a potion of curing {unknown}
 d - a potion of might
 m - a potion of berserk rage {unknown}
 o - 2 potions of invisibility {unknown}
 p - 2 potions of agility {unknown}
 u - a potion of brilliance {unknown}
 B - a potion of flight {unknown}
Comestibles
 f - 5 bread rations
 q - 3 meat rations
 C - a slice of pizza
 F - 5 chunks of flesh
 G - 2 royal jellies


   Skills:
 + Level 6.6 Fighting
 + Level 6.7 Axes
 + Level 2.4 Throwing
 + Level 6.9 Armour
 + Level 4.6 Dodging
 + Level 8.0 Shields


You had 7 spell levels left.
You didn't know any spells.

Dungeon Overview and Level Annotations

Branches:
Dungeon (6/15)             Temple (1/1) D:5             Orc (0/2) D:9

Altars:
Ashenzari
Cheibriados
Dithmenos
Elyvilon
Fedhas
Gozag
Kikubaaqudgha
Makhleb
Nemelex Xobeh
Okawaru
Pakellas
Qazlal
Ru
Sif Muna
Trog
Vehumet
Yredelemnul
Zin
The Shining One

Shops:
D:6 [

Annotations:
D:6 Prince Ribbit


Innate Abilities, Weirdness & Mutations

You reflexively headbutt those who attack you in melee.
You have a pair of horns on your head.


Message History

The orc warrior hits you with a flail of protection!
* * * LOW HITPOINT WARNING * * *
You block the orc warrior's attack.
Unknown command.
You completely miss the orc warrior.
You headbutt the orc warrior, but do no damage.
The orc warrior is heavily wounded.
You hit the orc warrior.
The orc warrior is moderately wounded.
You block the orc warrior's attack.
The phantom gestures.
The phantom blinks!
The orc warrior barely misses you. You furiously retaliate!
You headbutt the orc warrior, but do no damage.
Your shield and plate armour prevent you from hitting the orc warrior.
The orc warrior is heavily wounded.
You hit the orc warrior but do no damage.
The orc warrior is moderately wounded.
You block the orc warrior's attack.
The orc warrior hits you with a broad axe!
You die...

## ..# .## ..# . ..
#########.## . #.
......##...# .#####.# ##
#$......# .......#
##.W##.8....## #......#
+.?oo@......># #......#
##..##o8....## .......##
## #.......# ........##
.....##...#
.........#+##########.##
........##........##..#
.......##...####......#
...........##..##....##
.........8.'))..'.8..#


You could see a phantom, 2 orc warriors and an orc priest.

Vanquished Creatures
  A warg (D:9)
  The ghost of dohliylev the Skirmisher, an amateur GrCK of Xom (D:3)
  Edmund (D:5)
  A phantom (D:4)
  A black bear (D:5)
  3 ogres
  Blork the orc (D:4)
  A scorpion (D:4)
  A howler monkey (D:5)
  3 crimson imps (D:5)
  A giant frog zombie (D:5)
  A centaur zombie (D:5)
  2 jellies (D:5)
  2 hounds
  2 centaur skeletons (D:4)
  A giant frog skeleton (D:5)
  2 orc priests
  5 orc wizards
  7 worker ants
  A hound skeleton (D:4)
  Robin (D:3)
  A gnoll (D:5)
  A howler monkey skeleton (D:4)
  3 adders
  2 oozes
  An adder skeleton (D:6)
  4 worms
  3 dart slugs (D:1)
  6 giant geckos
  18 orcs
  5 giant cockroaches
  13 goblins
  9 hobgoblins
  3 jackals (D:4)
  7 kobolds
  2 quokkas
  3 ball pythons
  A bat (D:3)
  3 giant newts
  A quokka skeleton (D:4)
  3 rats
128 creatures vanquished.

Vanquished Creatures (others)
  A centaur (D:5)
  An orc wizard (D:6)
  An orc (D:3)
  2 plants (D:1)
5 creatures vanquished.

Grand Total: 133 creatures vanquished

Notes
Turn   | Place    | Note
--------------------------------------------------------------
     0 | D:1      | dohliylev the Minotaur Fighter began the quest for the Orb.
     0 | D:1      | Reached XP level 1. HP: 19/19 MP: 0/0
   147 | D:1      | Reached XP level 2. HP: 27/27 MP: 1/1
   262 | D:1      | Reached skill level 4 in Shields
   703 | D:2      | Reached XP level 3. HP: 33/33 MP: 2/2
  1555 | D:3      | Noticed dohliylev's ghost (amateur GrCK)
  1590 | D:3      | Killed dohliylev's ghost
  1590 | D:3      | Reached skill level 1 in Dodging
  1590 | D:3      | Reached XP level 4. HP: 22/41 MP: 3/3
  1590 | D:3      | Reached XP level 5. HP: 25/47 MP: 4/4
  1618 | D:3      | Noticed Robin
  1624 | D:3      | Reached skill level 5 in Fighting
  1627 | D:3      | Killed Robin
  2003 | D:3      | Reached skill level 5 in Armour
  2006 | D:3      | Reached skill level 5 in Shields
  2350 | D:4      | Reached XP level 6. HP: 56/56 MP: 5/5
  3002 | D:4      | Reached XP level 7. HP: 61/61 MP: 6/6
  3022 | D:4      | Noticed Blork the orc
  3037 | D:4      | Killed Blork the orc
  3037 | D:4      | Reached skill level 6 in Shields
  3270 | D:4      | Reached skill level 5 in Axes
  3473 | D:5      | Entered Level 5 of the Dungeon
  3602 | D:5      | Reached XP level 8. HP: 70/70 MP: 7/7
  3687 | D:5      | Reached skill level 7 in Shields
  3891 | D:5      | Noticed Prince Ribbit
  3901 | D:5      | Reached skill level 1 in Throwing
  4294 | D:5      | Found a staircase to the Ecumenical Temple.
  4302 | Temple   | Entered the Ecumenical Temple
  4426 | Temple   | Became a worshipper of Elyvilon the Healer
  4579 | D:5      | Noticed Edmund
  4599 | D:5      | Killed Edmund
  5091 | D:6      | Found a glowing silver altar of Zin.
  5106 | D:6      | Found Pyr Hia's Antique Armour Emporium.
  5124 | D:6      | You fall through a shaft for 3 floors!
  5169 | D:9      | Found a staircase to the Orcish Mines.
  5193 | D:9      | Reached skill level 8 in Shields
  5203 | D:9      | Mangled by an orc warrior

Vault maps used:
D:1:      scummos_arrival_star, hangedman_decor_clover_reticule,
          lexackson_kobold_supper
D:2:      serial_curves, eino_curves_01, eino_curves_04
D:3:      uniq_robin
D:4:      first_bread, uniq_blork_the_orc
D:5:      black_bear_nest_1, minmay_temple_entry_mist, serial_bayou_crossing,
          uniq_prince_ribbit1, uniq_edmund
D:6:      zin_statuary, serial_shops, shop_statue, sword_in_stone
D:9:      marbit_many_paths, david_orc_1_choice, serial_shops,
          nicolae_shop_temple_entry_statues_fountains, enter_bailey_2,
          uniq_pikel
Temple:   kilobyte_greek_temple_18

Skill      XL: |  1  2  3  4  5  6  7  8 |
---------------+-------------------------+-----
Shields        | 4 5 6 8 |  8.0
Fighting       | 4 5 6 |  6.6
Armour         | 4 5 6 |  6.9
Axes           | 3 4 5 6 |  6.7
Dodging        | 1 2 3 4 |  4.6
Throwing       | 2 |  2.4

Action                   |  1- 3 |  4- 6 |  7- 9 || total
-------------------------+-------+-------+-------++-------
Melee: War axe           |    94 |   119 |   256 ||   469
Throw: Tomahawk          |       |       |    20 ||    20
 Stab: Sleeping          |       |       |     1 ||     1
  Eat: Chunk             |     2 |     4 |     8 ||    14
